 Dungeon Crawl Stone Soup version 0.28.0 (webtiles) character file.

Game seed: 15886009179444212772

790 Ajdolov the Magician (level 8, -8/50 HPs)
             Began as a Djinni Hedge Wizard on Feb 12, 2022.
             Was an Initiate of Ashenzari.
             Mangled by an ogre (17 damage)
             ... on level 4 of the Dungeon.
             The game lasted 00:10:50 (6739 turns).

Ajdolov the Magician (Djinni Hedge Wizard)          Turns: 6739, Time: 00:10:51

Health: -8/50      AC:  8    Str:  9    XL:     8   Next: 12%
Gold:   270        EV: 12    Int: 17    God:    Ashenzari [......] SH:  5 Dex: 14

rFire   + + +      SeeInvis +   m - +9 dagger "Tiumm" {venom, rF+}
rCold   x . .      Faith    .   (no shield)
rNeg    . . .      Spirit   .   b - +0 robe
rPois   ∞          Reflect  +   c - +0 hat
rElec   .          Harm     .   t - +2 cloak {Will+}
rCorr   .          Rampage  .   p - +2 pair of gloves
Will    +....                   (boots unavailable)
Stlth   ++........              d - amulet of reflection
HPRegen 0.16/turn               r - ring of see invisible
MPRegen 0.00/turn               (no ring)

@: flying
A: sickness immunity, fire resistance 2, cold vulnerability 1, float, innate
caster, HP casting, extra vitality 1
a: Renounce Religion


You were on level 4 of the Dungeon.
You worshipped Ashenzari.
Ashenzari was noncommittal.
You visited 2 branches of the dungeon, and saw 6 of its levels.

You collected 270 gold pieces.

Inventory:

Hand Weapons
 m - the +9 dagger "Tiumm" (weapon) {venom, rF+}
   (You took it off a kobold on level 2 of the Dungeon)

   It poisons the flesh of those it strikes.
   rF:        It protects you from fire.
Armour
 b - a +0 robe (worn)
 c - a +0 hat (worn)
 p - a +2 pair of gloves (worn)
 t - a +2 cloak of willpower (worn)
Jewellery
 d - an amulet of reflection (around neck)
 r - a ring of see invisible (left hand)
Scrolls
 a - a scroll of enchant weapon {unknown}
 e - 2 scrolls of blinking {unknown}
 f - 2 scrolls of fog {unknown}
 g - a scroll of magic mapping {unknown}
 h - a scroll of holy word {unknown}
 i - 2 scrolls of enchant armour {unknown}
 n - a scroll of teleportation {unknown}
 o - 3 scrolls of identify {unknown}
 s - a scroll of noise {unknown}
 w - a scroll of fear {unknown}
Potions
 j - 2 potions of curing {unknown}
 k - a potion of cancellation {unknown}
 l - a potion of attraction {unknown}
 q - a potion of ambrosia {unknown}
 u - 2 potions of heal wounds {unknown}
 v - 3 potions of resistance {unknown}
 x - a potion of mutation {unknown}


   Skills:
 - Level 2.1 Dodging
 - Level 1.5 Stealth
 * Level 7.0 Spellcasting


You had 3 spell levels left.
You knew the following spells:

 Your Spells              Type           Power      Damage    Failure   Level
a - Magic Dart            Conj           100%       1d8       1%          1
b - Blink                 Tloc           58%        N/A       1%          2
c - Call Imp              Summ           29%        N/A       1%          2
d - Slow                  Hex            100%       N/A       1%          1
e - Conjure Flame         Conj/Fire      29%        6-21      1%          3
f - Mephitic Cloud        Conj/Pois/Air  29%        N/A       1%          3
g - Apportation           Tloc           58%        N/A       1%          1
h - Corpse Rot            Necr/Air       58%        N/A       1%          2
i - Dazzling Flash        Conj/Hex       58%        N/A       1%          3
Your spell library was empty.

Dungeon Overview and Level Annotations

Branches:
Dungeon (5/15)             Temple (1/1) D:5

Altars:
Ashenzari
Fedhas
Gozag
Hepliaklqana
Kikubaaqudgha
Makhleb
Okawaru
Ru
Sif Muna
Trog
Uskayaw
Vehumet
Yredelemnul
The Shining One

Shops:
D:5 (

Annotations:
D:3 1 runed translucent door, malleus's ghost, amateur DECj


Innate Abilities, Weirdness & Mutations

You are immune to sickness and miasma.
You are immune to poison.
Your flesh is very heat resistant. (rF++)
You are vulnerable to cold. (rC-)
You float through the air rather than walking.
You learn spells naturally, not from books.
Your magical power is your life essence.
You have superior vitality. (+4 MHP)


Message History

You see here 16 arrows.
Found 14 arrows.
An orc comes into view. It is wielding a +0 short sword.
Found a quarterstaff.
Found a bloodstained altar of Trog.
An orc wizard and an orc come into view.
The orc shouts!
You hear a shout! x2
The orc moves out of view.
An orc wizard comes into view. It is wielding a +0 dagger.
The orc wizard shouts!
An orc priest and an ogre come into view.
The orc wizard shouts!
The ogre shouts!
The orc wizard casts a spell.
The orc wizard flickers and vanishes for a moment.
The orc wizard gestures wildly while chanting.
The orc wizard flickers and vanishes for a moment.
Aiming: Magic Dart (safe; 1% risk of failure)
Press: ? - help, Q - select action, (/) - cycle Shift-Dir - straight line, f - ogre
Aim: an ogre, wielding a +0 giant spiked club (100% to hit)
Okay, then.
Casting: Magic Dart (safe; 1% risk of failure)
Confirm with . or Enter, or press ? or * to list all spells.
Aiming: Slow (safe; 1% risk of failure)
Press: ? - help, Shift-Dir - straight line, f - ogre
Aim: an ogre, wielding a +0 giant spiked club (chance to affect: 64%)
The ogre struggles to resist.
You see here 16 arrows.
The orc priest mumbles some strange prayers to Beogh against you.
Beogh smites you!
The orc priest mumbles some strange prayers to Beogh against you.
Beogh smites you!
There is a stone staircase leading up here.
The orc cheers repeatedly, as Orcs often do.
The ogre hits you with a +0 giant spiked club!
* * * LOW HITPOINT WARNING * * *
You fly upwards.
There is a stone staircase leading down here.
You aren't carrying any items that you can evoke.
Unknown command.
The ogre hits you with a +0 giant spiked club!
You die...

# # # # #
###################
>..............O..#
..##############@##
..##......# #.#
..##.####.# #.#
.###......# #.#
.###...#..# #.#
.......#..######.#
#####.##.........#
.........#########
#.###.####


You could see an ogre.

Vanquished Creatures
  A water moccasin (D:5)
  An ogre (D:4)
  A necrophage (D:3)
  A phantom (D:4)
  3 killer bees
  Crazy Yiuf (D:3)
  A centaur zombie (D:5)
  A centaur skeleton (D:4)
  2 iguanas
  A mummy (D:4)
  4 gnolls (D:2)
  4 adders
  An ufetubus (D:4)
  2 worms
  2 dart slugs
  2 orcs
  7 endoplasms
  5 giant cockroaches
  5 hobgoblins
  4 quokkas
  7 ball pythons
  4 bats
  2 frilled lizards
  2 goblins
  5 kobolds
  2 orc zombies (D:4)
  3 rats
74 creatures vanquished.

Vanquished Creatures (others)
  A goblin (D:2)
1 creature vanquished.

Grand Total: 75 creatures vanquished

Notes
Turn   | Place    | Note
-------+----------+-------------------------------------------
     0 | D:1      | Ajdolov the Djinni Hedge Wizard began the quest for the
                  | Orb.
     0 | D:1      | Reached XP level 1. HP: 15/15 MP: 0/0
   398 | D:1      | Reached XP level 2. HP: 9/21 MP: 0/0
  1204 | D:1      | Reached skill level 3 in Spellcasting
  1545 | D:1      | Reached XP level 3. HP: 14/25 MP: 0/0
  1545 | D:1      | Learned a level 1 spell: Apportation
  2301 | D:2      | Identified the +9 dagger "Tiumm" {venom, rF+}
  2394 | D:2      | Reached XP level 4. HP: 30/31 MP: 0/0
  2628 | D:2      | Reached skill level 4 in Spellcasting
  2773 | D:2      | Found a faded altar of an unknown god.
  3237 | D:3      | Noticed a necrophage
  3677 | D:3      | Reached XP level 5. HP: 35/35 MP: 0/0
  3677 | D:3      | Learned a level 2 spell: Corpse Rot
  3695 | D:3      | Identified the +2 ring mail of the Learner {-Cast rElec
                  | rF+++}
  3701 | D:3      | Found a runed translucent door.
  4049 | D:3      | Killed a necrophage
  4190 | D:3      | Found a runed translucent door.
  4192 | D:3      | Identified the +6 mace "Tilud" {vamp, SInv}
  4195 | D:3      | Noticed Crazy Yiuf
  4245 | D:3      | Killed Crazy Yiuf
  4246 | D:3      | Reached XP level 6. HP: 26/40 MP: 0/0
  4526 | D:3      | Noticed malleus's ghost (amateur DECj)
  4582 | D:3      | Reached skill level 5 in Spellcasting
  5004 | D:4      | Reached XP level 7. HP: 43/45 MP: 0/0
  5004 | D:4      | Learned a level 3 spell: Dazzling Flash
  5164 | D:4      | Found a sacrificial altar of Ru.
  5480 | D:4      | Reached skill level 6 in Spellcasting
  5904 | D:5      | Entered Level 5 of the Dungeon
  6077 | D:5      | Noticed a water moccasin
  6090 | D:5      | Killed a water moccasin
  6091 | D:5      | Reached XP level 8. HP: 32/50 MP: 0/0
  6177 | D:5      | Reached skill level 7 in Spellcasting
  6359 | D:5      | Found a staircase to the Ecumenical Temple.
  6387 | Temple   | Entered the Ecumenical Temple
  6508 | Temple   | Became a worshipper of Ashenzari the Shackled
  6586 | D:5      | Found Huikusut's Antique Weapon Boutique.
  6691 | D:5      | Found a bloodstained altar of Trog.
  6739 | D:4      | Mangled by an ogre

Illustrated notes

Levels and vault maps discovered:
D:1:      psy_arrival_radial01, layout_basic
D:2:      layout_rooms, hellmonk_ecumenical_altar_leap_of_faith,
          lemuel_old_faithful
D:3:      layout_basic, ebering_ghost_reflecting_pool, uniq_crazy_yiuf_cottage
D:4:      layout_basic, kennysheep_mini, serial_curves, eino_curves_02,
          eino_curves_03, nicolae_ossuary_entry_giza
D:5:      layout_basic, mainiacjoe_overflow_alcove_1,
          mainiacjoe_overflow_24_doors, nicolae_wu_jian_immortal_techniques,
          minmay_temple_entry_glassed_door, serial_shops, nicolae_shop_trees,
          nrook_loot_triangle, nicolae_shop_clearance
Temple:   minmay_temple_bridge_abc

Skill      XL: |  1  2  3  4  5  6  7  8 |
---------------+-------------------------+-----
Spellcasting   | 3 4 5 6 7 |  7.0
Dodging        | |  2.1
Stealth        | |  1.5

Action                   |  1- 3 |  4- 6 |  7- 9 || total
-------------------------+-------+-------+-------++-------
Melee: Dagger            |     6 |    67 |    84 ||   157
       Punch             |       |       |     1 ||     1
 Cast: Magic Dart        |    67 |    28 |     3 ||    98
       Slow              |       |     8 |     5 ||    13
       Blink             |       |     2 |       ||     2
       Conjure Flame     |       |     1 |       ||     1
       Call Imp          |       |     2 |       ||     2
       Mephitic Cloud    |       |     2 |     1 ||     3
 Stab: Confused          |       |     1 |     2 ||     3
       Sleeping          |       |       |     4 ||     4
Armor: Robe              |     7 |    23 |    22 ||    52
Dodge: Dodged            |    23 |    31 |    38 ||    92
Block: Other             |     6 |    19 |    11 ||    36
       Reflection        |     1 |       |       ||     1
